AoeStats
← RARRY

Arena

510528815Analyzed
4v4 RM · 15h ago on Oct 1, 2026· 29m 42s· 8 players
Game mode
Random Map
Map size
Large (8 player)
Population
200
Speed
Normal
Resources
Standard
Victory
Conquest
Starting age
Dark Age
Ending age
Imperial Age
RankedLock teamsTeams togetherTeam positionsShared explorationLock speedFull tech treeHidden civsTurbo modeCheats
Victory
Defeat
🇭🇰 Varangians · Hong Kong SAR China
1162
+16
🇷🇪 Persians · Réunion
1140
+17
🇭🇰 Danes · Hong Kong SAR China
1129
+17
🇨🇳 Mongols · China
1116
+18
🇹🇼 Poles · Taiwan
1183
-19
🇰🇷 Byzantines · South Korea
1158
-17
🇺🇸 Vikings · United States
1135
-16
🇨🇿 Bohemians · Czechia
1128
-16
raphael-974-
8:13 Loom
10:20 Feudal Age
11:46 Wheelbarrow
14:59 Castle Age
13:41 Horse Collar
marskit
11:05 Feudal Age
12:49 Loom
15:14 Castle Age
16:02 Double-Bit Axe
17:10 Loom
18:44 Arson
23:13 Squires
26:29 Horse Collar
29:09 Forging
28:59 Scale Mail Armor
30:44 Iron Casting
TOXIC18
9:26 Loom
11:12 Feudal Age
14:09 Double-Bit Axe
15:10 Wheelbarrow
18:52 Castle Age
17:02 Double-Bit Axe
16:58 Horse Collar
18:49 Bloodlines
20:01 Scale Barding Armor
23:18 Chain Barding Armor
冰石戟
10:06 Feudal Age
14:04 Castle Age
12:14 Double-Bit Axe
12:14 Horse Collar
23:02 Wheelbarrow
22:45 Loom
24:21 Hand Cart
25:44 Stone Mining
29:01 Imperial Age
26:26 Gold Mining
27:13 Stone Shaft Mining
26:49 Heavy Plow
27:01 Bow Saw
28:01 Ballistics
29:23 Fletching
30:43 Chemistry
29:59 Bloodlines
29:49 Husbandry
30:07 Thumb Ring
30:28 Parthian Tactics
30:01 Bodkin Arrow
七里香豬屁桃
11:36 Feudal Age
13:32 Wheelbarrow
16:34 Castle Age
14:39 Double-Bit Axe
16:50 Horse Collar
20:12 Bow Saw
20:04 Heavy Plow
22:49 Hand Cart
22:29 Gold Mining
25:02 Stone Mining
28:44 Imperial Age
27:19 Scale Barding Armor
27:24 Forging
28:03 Loom
28:52 Chain Barding Armor
29:52 Iron Casting
29:56 Bloodlines
29:49 Husbandry
RARRY
9:58 Feudal Age
14:15 Castle Age
12:35 Double-Bit Axe
13:00 Horse Collar
16:32 Bow Saw
21:15 Wheelbarrow
20:56 Gold Mining
21:58 Stone Mining
23:47 Husbandry
26:23 Hand Cart
26:38 Scale Mail Armor
26:48 Forging
29:37 Imperial Age
27:25 Squires
27:47 Scale Barding Armor
28:50 Ballistics
28:53 Heavy Plow
28:46 Pikeman
30:14 Iron Casting
jiri.bubnik
0:27 Loom
15:39 Feudal Age
20:46 Castle Age
18:46 Double-Bit Axe
19:39 Horse Collar
20:24 Town Watch
21:15 Wheelbarrow
HartyHart
11:09 Feudal Age
11:40 Loom
14:54 Castle Age
13:27 Double-Bit Axe
13:42 Horse Collar
24:34 Imperial Age
22:54 Bow Saw
22:52 Pikeman
Connection lost

Rejoining the realm…

Still unreachable

The connection could not be restored.

Session expired

The server has moved on; the page needs a fresh start.